 Dungeon Crawl Stone Soup version 0.26-a0-854-gdc81c2f471 (webtiles) character file.

Game seed: 8401526117392182290

4 sahdkjhfkaj the Sneak (level 1, 0/9 HPs)
             Began as a Spriggan Enchanter on Nov 22, 2020.
             Slain by a hobgoblin (3 damage)
             ... on level 1 of the Dungeon.
             The game lasted 00:01:29 (487 turns).

sahdkjhfkaj the Sneak (Spriggan Enchanter)           Turns: 487, Time: 00:01:30

Health: 0/9        AC:  2    Str:  4    XL:     1   Next: 50%
Magic:  5/5        EV: 18    Int: 16    God:
Gold:   47         SH:  0    Dex: 16    Spells: 4/5 levels left

rFire    . . .     SeeInvis +   a - +1 dagger
rCold    . . .     Faith    .   (shield restricted)
rNeg     . . .     Spirit   .   b - +0 robe
rPois    .         Reflect  .   (helmet restricted)
rElec    .         Harm     .   (no cloak)
rCorr    .         Rampage  .   (gloves unavailable)
MR       .....                  (boots unavailable)
Stlth    +++.......             (no amulet)
HPRegen  0.03/turn              (no ring)
MPRegen  0.09/turn              (no ring)

@: very quick
A: very small, unfitting armour, see invisible, speed 3
a: no special abilities


You were on level 1 of the Dungeon.
You visited 1 branch of the dungeon, and saw 1 of its levels.

You collected 47 gold pieces.

Inventory:

Hand Weapons
 a - a +1 dagger (weapon)
Missiles
 c - 7 stones (quivered)
Armour
 b - a +0 robe (worn)
Scrolls
 d - a scroll of remove curse {unknown}
 f - a scroll of enchant weapon {unknown}
 h - a scroll of magic mapping {unknown}
Potions
 e - a potion of brilliance {unknown}
 g - a potion of might {unknown}


   Skills:
 + Level 0.8 Fighting
 - Level 1.1 Short Blades
 - Level 3.0 Dodging
 - Level 4.4 Stealth
 - Level 2.6 Spellcasting
 - Level 3.6 Hexes


You had 4 spell levels left.
You knew the following spells:

 Your Spells              Type           Power        Failure   Level
a - Corona                Hex            ##.....      4%          1

Your spell library contained the following spells:

 Spells                   Type           Power        Failure   Level
 Confusing Touch          Hex            ##......     13%         3
 Tukima's Dance           Hex            ##......     13%         3
 Ensorcelled Hibernation  Hex/Ice        #.....       14%         2
 Dazzling Flash           Conj/Hex       #.....       28%         3


Dungeon Overview and Level Annotations

Branches:
Dungeon (1/15)

Altars:


Innate Abilities, Weirdness & Mutations

You are very small and have problems with some larger weapons.
You are too small for most types of armour.
You have supernaturally acute eyesight. (SInv)
You cover ground extremely quickly.


Message History

A hobgoblin comes into view.
Found a stone staircase leading down.
A bat comes into view.
The bat moves out of view.
The hobgoblin barely misses you.
You barely miss the hobgoblin. The hobgoblin completely misses you.
The hobgoblin closely misses you. The bat closely misses you.
You barely miss the bat. The bat closely misses you. The hobgoblin hits you. x2
Ouch! That really hurt!
* * * LOW HITPOINT WARNING * * *
You are too injured to fight recklessly!
You are too injured to fight recklessly!
The hobgoblin misses you. The bat hits you but does no damage.
The bat closely misses you. The bat barely misses you.
You hit the bat but do no damage. The bat completely misses you.
The bat hits you but does no damage.
You closely miss the bat. The bat closely misses you. The hobgoblin hits you.
You die...

##..............##
#.#............#.#
#..#..........#..#.......#
#...#....#...#...#........#
#....#..#...#....#........#
#.....##.#.#.....#....>...# #
#..)..#...#...#..#.........
##.#....#.....#g#.[.#.......#
.##..#.#.#....).@#...g#......#
........#...#.<.#...#..g..g..#
######...#...#.#...#..#..###...
#....#...#...#...#..#
#.....#.#...#....#..# .
#.....##...#.....#..####...>
#....#..#.#.#....#..........
#...#....#...#...#..####....
#..#....#.....#..#..## .


You could see a hobgoblin.

Vanquished Creatures
  A kobold (D:1)
  A bat (D:1)
  A goblin (D:1)
  2 rats (D:1)
5 creatures vanquished.

Notes
Turn   | Place    | Note
-------+----------+-------------------------------------------
     0 | D:1      | sahdkjhfkaj the Spriggan Enchanter began the quest for the
                  | Orb.
     0 | D:1      | Reached XP level 1. HP: 9/9 MP: 5/5
   487 | D:1      | Slain by a hobgoblin

Illustrated notes

Levels and vault maps discovered:
D:1:      matt_arrival_diagonals, layout_rooms

Action                   || total
-------------------------++-------
Melee: Dagger            ||    33
 Cast: Corona            ||     2
Armor: Robe              ||    11
Dodge: Dodged            ||    31

Table legend: (Time is in decaauts)
 A = Elapsed time spent in this place.
 B = Non-inter-level travel time spent in this place.
 C = Inter-level travel time spent in this place.
 D = Time resting spent in this place.
 E = Time spent auto-exploring this place.
 F = Levels seen in this place.
 G = Mean time per level.
                   A        B        C        D        E       F      G
               +--------+--------+--------+--------+--------+-----+--------+
         Total |    434 |    421 |     13 |    224 |    123 |   1 |  434.0 |
       Dungeon |    434 |    421 |     13 |    224 |    123 |   1 |  434.0 |
               +--------+--------+--------+--------+--------+-----+--------+

Top non-repeatable levels by time:
     D:1: 434 daAuts
